[Event "*** Titled Tuesday Blitz"]
[Site "Chess.com"]
[Date "2020.04.28"]
[Round "3"]
[White "aa175"]
[Black "praveenb2002"]
[Result "0-1"]
[WhiteElo "2451"]
[BlackElo "2718"]
[TimeControl "180+1"]
[EndTime "10:28:59 PDT"]
[Termination "praveenb2002 won on time"]

1. d4 d5 2. Bf4 Nf6 3. e3 e6 4. Nf3 Bd6 5. Bg3 O-O 6. Nbd2 b6 7. Bd3 Ba6 8. Ne5 Bxd3 9. cxd3 Nfd7 10. O-O Nxe5 11. Bxe5 Bxe5 12. dxe5 c5 13. d4 Nc6 14. Qa4 Rc8 15. Rac1 Qe7 16. Nb3 Qb7 17. Qb5 c4 18. Nc5 Qe7 19. Na4 Nb4 20. a3 Nd3 21. Rc2 Qb7 22. b3 Qc6 23. Qxc6 Rxc6 24. b4 b5 25. Nc5 Nxc5 26. dxc5 Ra8 27. a4 bxa4 28. Ra2 Ra6 29. Rfa1 c3 30. Rxa4 Rxa4 31. Rxa4 c2 32. Ra1 Rb8 33.
Kf1 Rxb4 34. Ke2 Rb1 35. Rxa7 h6 36. Ra8+ Kh7 0-1

[Event "*** Titled Tuesday Blitz"]
[Site "Chess.com"]
[Date "2020.04.28"]
[Round "3"]
[White "Tsubasa"]
[Black "Bubi6"]
[Result "0-1"]
[WhiteElo "2412"]
[BlackElo "2647"]
[TimeControl "180+1"]
[EndTime "10:29:00 PDT"]
[Termination "Bubi6 won by resignation"]

1. d4 c5 2. d5 e6 3. e4 exd5 4. exd5 d6 5. Nc3 Ne7 6. h3 Ng6 7.
Nf3 Be7 8. Be2 O-O 9. O-O a6 10. a4 Re8 11. Be3 Bf6 12. Nd2 Nd7 13. Nc4 Nb6 14.
a5 Nxc4 15. Bxc4 Bg5 16. Qd2 Bxe3 17. fxe3 Qg5 18. Kh1 Qxe3 19. Qxe3 Rxe3 20. Rae1 Rxe1 21. Rxe1 Bd7 22. Re2 f5 23. Kg1 Ne5 24. Bb3 Re8 25. Kf2 g5 26. Ba4 Bxa4 27. Nxa4 Kf7 28. Nb6 f4 29. c3 h5 30. b4 c4 31. Kf1 g4 32.
hxg4 hxg4 33. Re4 Kf6 34. Nxc4 Nxc4 35. Rxf4+ Ke5 36. Rxc4 g3 37. Rd4 Rf8+ 38. Kg1 Rf2 39. Rd3 Kf4 40. Rf3+ Rxf3 41. gxf3 Kxf3 42. c4 Ke4 43.
Kg2 Kd4 44. c5 Kxd5 45. cxd6 Kxd6 46. Kxg3 Kd5 47. Kf4 Kc4 48. Ke4 Kxb4 49. Kd4 Kxa5 0-1

[Event "*** Titled Tuesday Blitz"]
[Site "Chess.com"]
[Date "2020.04.28"]
[Round "3"]
[White "Vusatiuk_Vladimir"]
[Black "Anaj14"]
[Result "0-1"]
[WhiteElo "2334"]
[BlackElo "2210"]
[TimeControl "180+1"]
[EndTime "10:29:00 PDT"]
[Termination "Anaj14 won by resignation"]

1. d4 d6 2. Nc3 a6 3. e4 g6 4. a4 Bg7 5. Be3 Nf6 6. f3 Nbd7 7. Qd2 h5 8. Nh3 O-O 9. Bh6 c5 10. Bxg7 Kxg7 11. Be2 cxd4 12. Qxd4 Ne5 13. O-O-O Bxh3 14.
gxh3 Rc8 15. f4 Nc6 16. Qe3 Qa5 17. Rhg1 Qc5 18. Qxc5 dxc5 19. e5 Ng8 20. Bxh5 Nd4 21. Bg4 e6 22. Ne4 Nh6 23. Nd6 Rb8 24. c3 Nxg4 25. hxg4 Ne2+ 26. Kd2 Nxg1 27. Rxg1 b5 28. a5 c4 29. Ke3 Rbd8 30. Rg2 Rh8 31. f5 g5 32. Ne4 Rh3+ 33. Ke2 Kh6 34. Nf2 Rh4 35. h3 Rd5 36. Kf3 Rxe5 37. fxe6 Rxe6 38. Rg1 Kg6 39. Rd1 Rh8 40. Rd5 f6 41. Kg3 Re3+ 42. Kg2 Rhe8 43.
Kg1 Re1+ 44. Kg2 R1e2 45. Kf3 R8e3+ 46. Kg2 Rxb2 47. Rd6 Ree2 0-1

[Event "*** Titled Tuesday Blitz"]
[Site "Chess.com"]
[Date "2020.04.28"]
[Round "3"]
[White "NeverEverForever1990"]
[Black "TigrVShlyape"]
[Result "1-0"]
[WhiteElo "2475"]
[BlackElo "2827"]
[TimeControl "180+1"]
[EndTime "10:29:01 PDT"]
[Termination "NeverEverForever1990 won on time"]

1. e4 c5 2. c3 Nf6 3. e5 Nd5 4. d4 cxd4 5. Nf3 Nc6 6. cxd4 d6 7. Bc4 dxe5 8. Bxd5 Qxd5 9. Nc3 Qd6 10. d5 Nd4 11.
Nxd4 exd4 12. Qxd4 e5 13. Qc4 Qc5 14. Qxc5 Bxc5 15.
Be3 Bxe3 16. fxe3 Ke7 17. O-O-O Rd8 18. Rd2 Bd7 19. d6+ Kf8 20. Nd5 Bc6 21. Nc7 Rac8 22. Rhd1 Rd7 23. b3 g6 24. Kb2 Kg7 25. a4 h5 26. h4 Rcd8 27. Ka3 Be4 28. a5 Kh6 29.
Kb2 g5 30. hxg5+ Kxg5 31. Kc3 Kg4 32. Nb5 a6 33. Na3 Kg3 34. Nc4 f6 35. b4 h4 36.
Rf1 Bxg2 37. Rxf6 Rg7 38. Nxe5 h3 39. Rh6 h2 40. Rd1 h1=Q 41. Rhxh1 Bxh1 42. Rxh1 Kf2 43. Nc4 Kf3 44. Rh4 Rc8 45. Kd4 Rg6 46. Ne5+ 1-0

[Event "*** Titled Tuesday Blitz"]
[Site "Chess.com"]
[Date "2020.04.28"]
[Round "3"]
[White "smshk35"]
[Black "Nbk90"]
[Result "0-1"]
[WhiteElo "2370"]
[BlackElo "2572"]
[TimeControl "180+1"]
[EndTime "10:29:01 PDT"]
[Termination "Nbk90 won by checkmate"]

1. e4 e5 2. Nf3 Nc6 3. d4 exd4 4. Nxd4 Bb4+ 5. c3 Bc5 6. Be3 Bb6 7. Bc4 d6 8. O-O Nf6 9. Nd2 O-O 10. h3 Re8 11. Qf3 Ne5 12. Qe2 Nxc4 13. Qxc4 Nxe4 14. Rae1 d5 15. Qb3 c5 16. N4f3 Bf5 17. Nxe4 Bxe4 18.
Rd1 c4 19. Bxb6 axb6 20. Qb4 Bxf3 21. gxf3 Rxa2 22. Rd4 Qg5+ 23. Rg4 Qf6 24. f4 Raa8 25. Qb5 Rad8 26. Rd1 Qc6 27. Qb4 h6 28. f5 b5 29.
Rgd4 Re5 30. Qa5 Rde8 31. f6 Qxf6 32. Qxb5 Re2 33. f4 Qg6+ 34. Kf1 Qg2# 0-1

[Event "*** Titled Tuesday Blitz"]
[Site "Chess.com"]
[Date "2020.04.28"]
[Round "3"]
[White "donotreadit"]
[Black "AquivaRubinstein"]
[Result "1-0"]
[WhiteElo "2669"]
[BlackElo "2416"]
[TimeControl "180+1"]
[EndTime "10:29:02 PDT"]
[Termination "donotreadit won by resignation"]

1. Nf3 d5 2. b3 c5 3. e3 a6 4. Bb2 Nc6 5. g3 f6 6. Bg2 e5 7. O-O Be6 8. d4 e4 9. Nfd2 cxd4 10. exd4 f5 11. c4 Nf6 12. Nc3 Be7 13. cxd5 Nxd5 14. Nc4 O-O 15. Rc1 b5 16. Nxd5 Bxd5 17. Ne5 Nxe5 18.
dxe5 Be6 19. f3 exf3 20. Qxf3 Rc8 21. Rc6 Qd7 22. Rxa6 Rc2 23. Rd1 Qc8 24. Rc6 Rxc6 25. Qxc6 Qxc6 26. Bxc6 b4 27. Bb7 Rb8 28. Bf3 Rc8 29.
Rc1 Rd8 30. Rc2 Kf7 31. Kf2 g5 32. Bc1 g4 33. Bb7 h5 34. Be3 Rd1 35. Rc7 Kf8 36.
Bc6 Ra1 37. Bh6+ Kf7 38. Bg5 Rxa2+ 39. Ke3 Rxh2 40. Rxe7+ Kg8 41. Rxe6 Rh3 42. Kf4 1-0

[Event "*** Titled Tuesday Blitz"]
[Site "Chess.com"]
[Date "2020.04.28"]
[Round "3"]
[White "Munkhzul_Turmunkh"]
[Black "ajdemipopushi"]
[Result "0-1"]
[WhiteElo "2504"]
[BlackElo "2295"]
[TimeControl "180+1"]
[EndTime "10:29:02 PDT"]
[Termination "ajdemipopushi won by resignation"]

1. e4 c5 2. Nf3 g6 3. d4 cxd4 4.
Nxd4 Bg7 5. c4 Nc6 6. Be3 Nf6 7. Nc3 Nxd4 8. Bxd4 Qa5 9. Be2 d6 10. O-O O-O 11.
Rc1 Be6 12. b3 Rfc8 13. Qd3 a6 14. Rfd1 Nd7 15. Bxg7 Kxg7 16. Qd4+ f6 17. Bf1 Rab8 18. Re1 Qc5 19. Qxc5 Rxc5 20. Nd5 Kf7 21. Nf4 g5 22.
Nxe6 Kxe6 23. Be2 Ne5 24. Red1 Rbc8 25. g3 g4 26. Kg2 h5 27. h3 b5 28. hxg4 hxg4 29.
Rd5 bxc4 30. Rxc5 Rxc5 31. bxc4 Kd7 32. Rc3 Kc6 33. Kf1 Ra5 34. Rc2 Kc5 35. Ke1 Ra4 36. Kd2 Ra3 37. Kc1 Nd3+ 38. Kb1 Nxf2 39. Kb2 Rxg3 40.
Bf1 Nxe4 0-1

[Event "*** Titled Tuesday Blitz"]
[Site "Chess.com"]
[Date "2020.04.28"]
[Round "3"]
[White "madalin18"]
[Black "ama18"]
[Result "1-0"]
[WhiteElo "2111"]
[BlackElo "2465"]
[TimeControl "180+1"]
[EndTime "10:29:03 PDT"]
[Termination "madalin18 won by checkmate"]

1. e4 c5 2. Nf3 d6 3. d4 cxd4 4. Nxd4 Nf6 5. Nc3 a6 6. Bg5 Nbd7 7. Qe2 h6 8. Bh4 g6 9. O-O-O e5 10. Nb3 Be7 11.
f4 exf4 12. Bxf6 Bxf6 13. Rxd6 Bxc3 14. bxc3 O-O 15. Qf3 Qc7 16. Qxf4 Qxc3 17. Bd3 Ne5 18. Qxh6 a5 19. Qd2 Qc7 20. Rd5 a4 21. Nd4 a3 22.
Nb5 Qe7 23. Qf4 Nc6 24. h4 Nb4 25. Rd6 Nxa2+ 26. Kd2 Be6 27. h5 g5 28. Qe5 Rad8 29. h6 Kh7 30. Qg7# 1-0

[Event "*** Titled Tuesday Blitz"]
[Site "Chess.com"]
[Date "2020.04.28"]
[Round "3"]
[White "Dr_Thomas_Quilter"]
[Black "ARMQUEEN"]
[Result "1-0"]
[WhiteElo "2271"]
[BlackElo "2305"]
[TimeControl "180+1"]
[EndTime "10:29:03 PDT"]
[Termination "Dr_Thomas_Quilter won by checkmate"]

1. d4 Nf6 2. Nc3 c5 3. d5 e6 4. dxe6 fxe6 5. e4 d5 6. Bd3 Be7 7.
Nf3 O-O 8. O-O Nc6 9. Re1 d4 10. Ne2 e5 11. Ng3 Bg4 12. a4 Nb4 13. Bc4+ Kh8 14. c3 dxc3 15. bxc3 Qxd1 16. Rxd1 Nc6 17. Be2 Ne8 18. h3 Bxf3 19. Bxf3 Nd6 20. Be3 Nc4 21. Nf5 Nxe3 22. Nxe3 Bg5 23. Nd5 Na5 24. Nc7 Rac8 25. Ne6 Rxf3 26. gxf3 Bf6 27. Rd7 h6 28. Nc7 Bh4 29. Rad1 Rf8 30. Kg2 Rf6 31. R7d6 Rf7 32. Rd7 Rf4 33. Ne6 Rf6 34. Rd8+ Kh7 35. Nf8+ Rxf8 36.
Rxf8 Bf6 37. Rd7 Kg6 38. Ra8 a6 39. Rc8 b6 40. Ra8 Nc4 41. Rxa6 Kg5 42. Raa7 Kf4 43.
Rxg7 Bxg7 44. Rxg7 h5 45. Rh7 Kg5 46. Rg7+ Kf6 47. Rb7 Kg6 48. Kg3 Kf6 49. f4 Ke6 50. f5+ Kf6 51. f4 h4+ 52. Kg4 exf4 53. Kxf4 Nd6 54.
e5# 1-0

[Event "*** Titled Tuesday Blitz"]
[Site "Chess.com"]
[Date "2020.04.28"]
[Round "3"]
[White "Ariadna_Atreides"]
[Black "TheoSlade"]
[Result "0-1"]
[WhiteElo "2031"]
[BlackElo "2294"]
[TimeControl "180+1"]
[EndTime "10:29:03 PDT"]
[Termination "TheoSlade won on time"]

1. d4 Nf6 2. Nf3 d5 3. e3 e6 4. Bd3 c5 5. b3 Nc6 6. O-O Bd6 7.
Bb2 O-O 8. Nbd2 Qe7 9. dxc5 Bxc5 10. Ne5 Bd6 11. Ndf3 Qc7 12. Nxc6 bxc6 13. Bxf6 gxf6 14. Nd4 f5 15. Qh5 Be5 16. f4 Bg7 17. Rf3 c5 18. Nb5 Qe7 19. Rg3 Qf6 20. Rf1 Bd7 21. c4 Bxb5 22.
cxb5 Rac8 23. a4 c4 24. bxc4 dxc4 25. Bc2 Rfd8 26. e4 fxe4 27. f5 Rc5 28. Qg4 exf5 29. Qf4 c3 30. Kh1 Rcd5 31. Bxe4 Rd1 0-1

[Event "*** Titled Tuesday Blitz"]
[Site "Chess.com"]
[Date "2020.04.28"]
[Round "3"]
[White "Zkid"]
[Black "MishkaFighter"]
[Result "1-0"]
[WhiteElo "2801"]
[BlackElo "2599"]
[TimeControl "180+1"]
[EndTime "10:29:04 PDT"]
[Termination "Zkid won on time"]

1. e4 c6 2. d4 d5 3. exd5 cxd5 4. Bd3 Nc6 5. c3 g6 6. Bf4 Bh6 7. Bxh6 Nxh6 8. h4 Qb6 9. Qb3 Qa5 10. Nd2 O-O 11.
h5 Ng4 12. hxg6 hxg6 13. Nh3 e5 14. dxe5 Ncxe5 15. Be2 Re8 16. O-O Be6 17. Nf4 Qc7 18.
g3 Rad8 19. Nf3 Kg7 20. Nd4 Nf6 21. Nfxe6+ fxe6 22. Rae1 Nc6 23. Bb5 Nxd4 24. cxd4 Re7 25. Re2 Ne4 26. Bd3 Nf6 27. Rfe1 Qd6 28. Bb1 Rh8 29.
Qe3 Rh5 30. Qd3 Rh6 31. Re5 Ng4 32. Rg5 Rh1+ 33. Kg2 Rh2+ 34. Kf1 Rxf2+ 35. Kg1 Rf5 36.
Rxg4 Ref7 37. Qe3 Qb4 38. Bxf5 exf5 39. Qe5+ 1-0

[Event "*** Titled Tuesday Blitz"]
[Site "Chess.com"]
[Date "2020.04.28"]
[Round "3"]
[White "talaicito"]
[Black "CraiggoryC"]
[Result "0-1"]
[WhiteElo "2287"]
[BlackElo "2075"]
[TimeControl "180+1"]
[EndTime "10:29:04 PDT"]
[Termination "CraiggoryC won on time"]

1. d4 Nf6 2. Nc3 d5 3. Bf4 e6 4. e3 Bd6 5. Nf3 Bxf4 6. exf4 c5 7. dxc5 Qa5 8. Bd3 Nbd7 9. O-O Nxc5 10. Ne5 O-O 11.
a3 Nxd3 12. Qxd3 Nd7 13. Ne2 Nxe5 14. fxe5 b6 15. b4 Qa4 16. Nd4 Ba6 17. b5 Bb7 18. Rab1 Qc4 19. Qe3 Rac8 20. Rfd1 a6 21. bxa6 Qxa6 22.
h4 Rc4 23. h5 h6 24. Rb3 Rfc8 25. Rdb1 Qa5 26. Rxb6 Ba6 27. R6b3 Rc3 28. Rxc3 Rxc3 29. Qd2 Rxa3 30. Rb8+ Kh7 0-1

[Event "*** Titled Tuesday Blitz"]
[Site "Chess.com"]
[Date "2020.04.28"]
[Round "3"]
[White "Maghalashvili"]
[Black "White_Ghost"]
[Result "1-0"]
[WhiteElo "2791"]
[BlackElo "2449"]
[TimeControl "180+1"]
[EndTime "10:29:05 PDT"]
[Termination "Maghalashvili won by checkmate"]

1. Nf3 Nf6 2. g3 g6 3. Bg2 Bg7 4. O-O O-O 5. c4 d6 6. d4 Nbd7 7. Nc3 e5 8. h3 Re8 9. e4 exd4 10. Nxd4 a6 11. Re1 Rb8 12. Bf4 Nc5 13. Qd2 Ne6 14. Be3 Nd7 15. Rad1 Ne5 16. b3 Nxd4 17. Bxd4 Be6 18.
f4 Nc6 19. Bxg7 Kxg7 20. Nd5 Bxd5 21. cxd5 Ne7 22. e5 Qd7 23. e6 Qb5 24. Qd4+ Kg8 25.
Qf6 fxe6 26. Rxe6 Nf5 27. Rde1 Nxg3 28. Re7 Rxe7 29. Rxe7 Qc5+ 30. Kh2 Nh5 31. Qf7+ Kh8 32. Qxh7# 1-0

[Event "*** Titled Tuesday Blitz"]
[Site "Chess.com"]
[Date "2020.04.28"]
[Round "3"]
[White "gvanna"]
[Black "vaps"]
[Result "1-0"]
[WhiteElo "2474"]
[BlackElo "1966"]
[TimeControl "180+1"]
[EndTime "10:29:05 PDT"]
[Termination "gvanna won on time"]

1. e4 c5 2. Nf3 e6 3. d4 cxd4 4. Nxd4 Nc6 5. Nxc6 bxc6 6. Bd3 e5 7. O-O Nf6 8. Bg5 h6 9. Bh4 Bc5 10. Nd2 d6 11. h3 g5 12. Bg3 g4 13. h4 Nh5 14.
Kh2 Nf4 15. Nb3 Bb6 16. Bc4 Be6 17. Bxe6 fxe6 18. Qxg4 Qf6 19. a4 O-O-O 20. a5 Rhg8 21.
Qf3 Bc7 22. Qc3 Kd7 23. Rfd1 Rg4 24. Nc5+ Ke7 25. Nb7 Rxh4+ 26. Bxh4 Qxh4+ 27. Kg1 Ne2+ 28. Kf1 Nxc3 29. bxc3 Rf8 30. f3 Qg3 31. Rd2 h5 32.
Rf2 h4 33. Ke2 h3 34. gxh3 Qxh3 35. Rg1 Kf7 36. Rfg2 Qh6 37. Rg4 Ke8 38. Rg7 Qh2+ 39.
R1g2 Qf4 40. R2g3 1-0

[Event "*** Titled Tuesday Blitz"]
[Site "Chess.com"]
[Date "2020.04.28"]
[Round "3"]
[White "Gahan-MG"]
[Black "Zhuu96"]
[Result "1/2-1/2"]
[WhiteElo "2663"]
[BlackElo "2960"]
[TimeControl "180+1"]
[EndTime "10:29:06 PDT"]
[Termination "Game drawn by repetition"]

1. e4 c6 2. d4 d5 3. exd5 cxd5 4. c4 Nf6 5. Nc3 e6 6. Nf3 Be7 7. Bg5 O-O 8. c5 b6 9. b4 bxc5 10. bxc5 Nc6 11. Bb5 Bd7 12. Bxc6 Bxc6 13. Ne5 Be8 14. O-O Qa5 15. Qf3 Rc8 16. Rab1 Qa6 17. Rfe1 Rc7 18. Qg3 Rb7 19. Rxb7 Qxb7 20. Rb1 Qc7 21.
Ng6 Qd7 22. Nxe7+ Qxe7 23. h4 Bc6 24. h5 Re8 25. h6 Nh5 26. Qh4 f6 27. Qxh5 fxg5 28.
hxg7 Qxg7 29. Qg4 Qf6 30. Re1 Bd7 31. Re5 h6 32. Nxd5 exd5 33. Qxd7 Rxe5 34. dxe5 Qxe5 35. c6 Qe1+ 36. Kh2 Qxf2 37. Qxd5+ Kf8 38. Qd6+ Kf7 39. Qd7+ Kf6 40. Qd6+ Kf7 41. Qd7+ Kf6 42. Qd8+ Kf7 43. Qd5+ Kf6 44. Qd6+ Kf7 1/2-1/2

[Event "*** Titled Tuesday Blitz"]
[Site "Chess.com"]
[Date "2020.04.28"]
[Round "3"]
[White "Sychev_Klementy"]
[Black "NewBornNow"]
[Result "1-0"]
[WhiteElo "2853"]
[BlackElo "2628"]
[TimeControl "180+1"]
[EndTime "10:29:06 PDT"]
[Termination "Sychev_Klementy won by resignation"]

1. e4 d6 2. d4 Nf6 3. Nc3 e5 4. Nf3 Nbd7 5. Rg1 g6 6. g4 Bg7 7. g5 Nh5 8. Be3 c6 9. Qd2 Qa5 10.
O-O-O O-O 11. a3 b5 12. d5 Bb7 13. dxc6 Bxc6 14. Nxb5 Qxd2+ 15. Nxd2 f5 16. gxf6 Rxf6 17. Nxa7 Bb7 18. Nc4 Bxe4 19. Nxd6 Bf3 20. Bc4+ Kf8 21. Rd2 Nf4 22. Bb5 Nd5 23. Bxd7 Nxe3 24. fxe3 Rxa7 25.
Nc4 Bh6 26. Bb5 Rc7 27. Re1 Kg7 28. a4 Bg5 29. a5 e4 30. a6 Rf5 31. Rd7+ Rxd7 32.
Bxd7 Rf8 33. Bc6 1-0

[Event "*** Titled Tuesday Blitz"]
[Site "Chess.com"]
[Date "2020.04.28"]
[Round "3"]
[White "Barys1974"]
[Black "Guachiney"]
[Result "1-0"]
[WhiteElo "2641"]
[BlackElo "2831"]
[TimeControl "180+1"]
[EndTime "10:29:06 PDT"]
[Termination "Barys1974 won by resignation"]

1. e4 c5 2. Nf3 d6 3. d4 cxd4 4. Nxd4 Nf6 5. Nc3 a6 6. Be2 g6 7. O-O Bg7 8. Bg5 O-O 9. Kh1 Nbd7 10. f4 h6 11. Bh4 Qc7 12. a4 e6 13. f5 exf5 14. exf5 g5 15. Bg3 Ne5 16. h4 g4 17.
Bf4 Re8 18. Qd2 Kh7 19. Rad1 Bd7 20. Nb3 Bc6 21. Qxd6 Qxd6 22. Rxd6 Nh5 23. Nd4 Nxf4 24. Rxf4 Bf8 25. Rd5 Bxd5 26. Nxd5 Red8 27. c4 h5 28. Re4 Nc6 29. Bd3 Bc5 30. Ne2 Kh6 31.
f6 Re8 32. Ng3 Rxe4 33. Nf5+ Kg6 34. Bxe4 Bd4 35. Nxd4+ Kh6 36. Nf5+ Kg6 37. Nfe7+ Kh6 38. b4 Rd8 39. b5 axb5 40. axb5 Ne5 41. Nf5+ Kg6 42. Nd6+ 1-0

[Event "*** Titled Tuesday Blitz"]
[Site "Chess.com"]
[Date "2020.04.28"]
[Round "3"]
[White "Gubajdullin"]
[Black "PauloCesarCosta_sad"]
[Result "1-0"]
[WhiteElo "2483"]
[BlackElo "2120"]
[TimeControl "180+1"]
[EndTime "10:29:06 PDT"]
[Termination "Gubajdullin won on time"]

1. d4 d5 2. Bf4 e6 3. e3 Bd6 4. Bxd6 Qxd6 5. f4 Nf6 6. Nd2 O-O 7. Bd3 b6 8. Qe2 c5 9. c3 a5 10. Ngf3 Ba6 11. Bxa6 Nxa6 12. Ne5 Nb8 13. g4 Nc6 14. g5 Ne4 15. Nxe4 dxe4 16. Qg2 Nxe5 17. fxe5 Qd5 18. a4 Rab8 19. O-O b5 20. axb5 Rxb5 21. Rf2 cxd4 22. exd4 Rfb8 23. Re1 a4 24. Rfe2 g6 25. Ra1 Qb7 26.
Qxe4 Qxe4 27. Rxe4 Rxb2 28. Rxa4 Rc2 29. Ra1 Rbb2 30.
Rg4 Rxh2 31. Rf1 Rbc2 32. Rf3 1-0

[Event "*** Titled Tuesday Blitz"]
[Site "Chess.com"]
[Date "2020.04.28"]
[Round "3"]
[White "LizaSolovyova"]
[Black "garicradomir"]
[Result "1-0"]
[WhiteElo "2542"]
[BlackElo "2334"]
[TimeControl "180+1"]
[EndTime "10:29:07 PDT"]
[Termination "LizaSolovyova won by resignation"]

1. d4 c5 2. d5 Nf6 3. Nc3 Qa5 4. Nf3 b5 5. e3 b4 6. Ne2 g6 7. Nf4 d6 8. h4 h5 9. Ng5 Bg7 10. Bd3 Bf5 11. Bxf5 gxf5 12. Qd3 Ne4 13. Nxe4 fxe4 14. Qxe4 Nd7 15. O-O Bf6 16. a3 Rb8 17. Bd2 Qb6 18.
axb4 cxb4 19. Ra2 Bxh4 20. Rfa1 Nc5 21. Qf5 b3 22. cxb3 Nxb3 23. Bc3 Rg8 24. Ra6 Qb5 25. R1a3 Nc5 26. Rxa7 Qc4 27. Ra8 Qb5 28. R3a7 Bg5 29.
Qc8+ 1-0

[Event "*** Titled Tuesday Blitz"]
[Site "Chess.com"]
[Date "2020.04.28"]
[Round "3"]
[White "Winehouse83"]
[Black "doctorcristian"]
[Result "0-1"]
[WhiteElo "2523"]
[BlackElo "2330"]
[TimeControl "180+1"]
[EndTime "10:29:07 PDT"]
[Termination "doctorcristian won on time"]

1. d4 d5 2. c4 dxc4 3. Nf3 Nf6 4. Nc3 c5 5. d5 e6 6. e4 Nxe4 7. Nxe4 exd5 8. Nc3 Be6 9. Ng5 Nc6 10. Nxe6 fxe6 11.
Be2 Bd6 12. O-O Nd4 13. Bh5+ g6 14. Bg4 Qf6 15. Be3 O-O 16. Qd2 Rfe8 17. Rad1 a6 18. Bxd4 cxd4 19. Qxd4 Be5 20. Qb6 Rad8 21. g3 Re7 22. Rfe1 Rd6 23. Qe3 Bxc3 24. bxc3 b5 25. f4 Kf7 26. h4 h5 27. Bh3 a5 28.
a3 Rc6 29. Bg2 Rcc7 30. Re2 Rb7 31. Rb2 b4 32. axb4 axb4 33. Rxb4 Rxb4 34. cxb4 Rb7 35.
Qd2 c3 36. Qa2 Rxb4 37. Qa7+ Qe7 38. Qe3 Qc7 39. Rc1 Rc4 40. Bf1 Rc5 41. Bd3 Qa5 42. Bc2 Qa3 43. Qd3 Qxc1+ 44. Kg2 Qd2+ 0-1

[Event "*** Titled Tuesday Blitz"]
[Site "Chess.com"]
[Date "2020.04.28"]
[Round "3"]
[White "Artem_Koval"]
[Black "svilson23"]
[Result "1-0"]
[WhiteElo "2424"]
[BlackElo "2211"]
[TimeControl "180+1"]
[EndTime "10:29:07 PDT"]
[Termination "Artem_Koval won by resignation"]

1. e4 c5 2. Nf3 Nc6 3. b4 cxb4 4. d4 d5 5. exd5 Qxd5 6. c4 Qe4+ 7. Be2 Bg4 8. O-O O-O-O 9. d5 Ne5 10. Nbd2 Nxf3+ 11. Nxf3 e6 12. Re1 Bc5 13. Bb2 Nf6 14. Nd4 exd5 15.
Nb3 Bxe2 16. Rxe2 dxc4 17. Qe1 Qc6 18. Nxc5 Qxc5 19. Bxf6 gxf6 20. Re7 c3 21. Rc1 Qc6 22. g3 Rhe8 23. Rxe8 Qxe8 24. Qf1 Qc6 25. Qh3+ Kb8 26. Qxh7 a6 27. h4 c2 28. Qxc2 Qe6 29. Qc7+ Ka7 30. Qxd8 1-0

[Event "*** Titled Tuesday Blitz"]
[Site "Chess.com"]
[Date "2020.04.28"]
[Round "3"]
[White "David_Paravyan"]
[Black "albi1999"]
[Result "1-0"]
[WhiteElo "2958"]
[BlackElo "2653"]
[TimeControl "180+1"]
[EndTime "10:29:08 PDT"]
[Termination "David_Paravyan won by resignation"]

1. e4 e5 2. Nf3 Nc6 3. Bb5 a6 4.
Ba4 Nf6 5. O-O Be7 6. Re1 b5 7. Bb3 O-O 8. a4 b4 9. d4 d6 10. dxe5 Nxe5 11. Nbd2 Bg4 12. h3 Bh5 13. g4 Bg6 14.
Nd4 c5 15. Nf5 Bxf5 16. exf5 Qc7 17. f4 Nc6 18. g5 Nd7 19. Qh5 Qd8 20. Nf3 Na5 21.
Bd5 Rc8 22. Bd2 Nb6 23. Be4 d5 24. Bd3 c4 25. f6 cxd3 26. fxe7 Qc7 27. exf8=Q+ Rxf8 28. cxd3 Nb3 29. Rad1 Qc2 30. Qg4 a5 31. Be3 Nc8 32.
Qg2 Nd6 33. Qxc2 1-0

[Event "*** Titled Tuesday Blitz"]
[Site "Chess.com"]
[Date "2020.04.28"]
[Round "3"]
[White "top_bu_tz"]
[Black "VitaliyBernadskiy"]
[Result "0-1"]
[WhiteElo "2412"]
[BlackElo "2704"]
[TimeControl "180+1"]
[EndTime "10:29:08 PDT"]
[Termination "VitaliyBernadskiy won on time"]

1. e4 e6 2. d4 d5 3. Nc3 Nf6 4. Bg5 Bb4 5. e5 h6 6. exf6 hxg5 7. fxg7 Rg8 8. a3 Bxc3+ 9. bxc3 Qf6 10. h4 gxh4 11. Nf3 Qxg7 12. Rxh4 Nd7 13. g3 Nf6 14. Bd3 Bd7 15. Rb1 b6 16. Qe2 O-O-O 17. Ne5 Be8 18.
Bb5 Rd6 19. Bxe8 Nxe8 20. Qa6+ Kb8 21. Nd3 f6 22. Nc5 c6 23. a4 Qc7 24. a5 b5 25.
Rf4 e5 26. dxe5 fxe5 27. Rf7 Qxf7 28. Rxb5+ cxb5 29. Qxb5+ Ka8 30. a6 Qc7 0-1

[Event "*** Titled Tuesday Blitz"]
[Site "Chess.com"]
[Date "2020.04.28"]
[Round "3"]
[White "EnergeticHay"]
[Black "elohunter1999"]
[Result "0-1"]
[WhiteElo "2207"]
[BlackElo "2503"]
[TimeControl "180+1"]
[EndTime "10:29:08 PDT"]
[Termination "elohunter1999 won by resignation"]

1. e4 c5 2. Nf3 Nc6 3. d4 cxd4 4. Nxd4 Nf6 5. Nc3 e5 6. Ndb5 d6 7. Bg5 a6 8. Na3 b5 9. Nd5 Be7 10. Bxf6 Bxf6 11. c3 Bg5 12. Nc2 Rb8 13. a4 bxa4 14. Ncb4 Nxb4 15. Nxb4 Bd7 16. Qxd6 Be7 17. Qxe5 O-O 18.
Nd5 Bc5 19. Bd3 Rxb2 20. O-O Re8 21. Qg3 a3 22. e5 Kh8 23. Kh1 Bc6 24. c4 Bxd5 25.
cxd5 Qxd5 26. Qh3 g6 27. f4 Rb3 28. Rf3 a2 29. Bxg6 Rb1+ 30. Rf1 Rxf1+ 31. Rxf1 fxg6 32. f5 Qxe5 33. fxg6 Qg7 34. gxh7 a1=Q 35. Qf3 Qxf1+ 36. Qxf1 Bb4 0-1

[Event "*** Titled Tuesday Blitz"]
[Site "Chess.com"]
[Date "2020.04.28"]
[Round "3"]
[White "Berardino"]
[Black "Msb2"]
[Result "0-1"]
[WhiteElo "2668"]
[BlackElo "3014"]
[TimeControl "180+1"]
[EndTime "10:29:09 PDT"]
[Termination "Msb2 won on time"]

1. e4 e6 2. d4 d5 3. Nd2 c5 4. exd5 Qxd5 5. dxc5 Nf6 6. Ngf3 Qxc5 7. Bd3 Nbd7 8. O-O Qc7 9. Qe2 Nc5 10. Bc4 Bd6 11. Nb3 Nxb3 12. axb3 h6 13. h3 O-O 14. Bd3 e5 15. Nd2 Bd7 16. Ne4 Nxe4 17. Qxe4 f5 18.
Qh4 e4 19. Bc4+ Kh7 20. Rd1 Bc6 21. Bd2 f4 22. Bc3 Be5 23. Qh5 Rae8 24. Rxa7 Bxc3 25.
bxc3 Re5 26. Qg4 e3 27. Bd3+ Be4 28. Bxe4+ Rxe4 29. Raa1 exf2+ 30. Kxf2 Qc5+ 31. Kf1 Re3 32. Rd7 Qxc3 33. Rad1 f3 0-1

[Event "*** Titled Tuesday Blitz"]
[Site "Chess.com"]
[Date "2020.04.28"]
[Round "3"]
[White "MartinCerveny"]
[Black "Eliwood44"]
[Result "1-0"]
[WhiteElo "2612"]
[BlackElo "2321"]
[TimeControl "180+1"]
[EndTime "10:29:09 PDT"]
[Termination "MartinCerveny won on time"]

1. d4 Nf6 2. c4 e6 3. Nf3 d5 4. g3 Be7 5. Bg2 O-O 6. O-O dxc4 7.
Ne5 Nc6 8. Bxc6 bxc6 9. Nxc6 Qe8 10. Nxe7+ Qxe7 11. Qa4 e5 12. dxe5 Qxe5 13. Qxc4 Be6 14.
Qc2 Rad8 15. Bf4 Qh5 16. Nc3 g5 17. Bxc7 Ng4 18. h4 gxh4 19. gxh4 Qxh4 20. Bg3 Qh5 21. Rad1 Rxd1 22. Rxd1 f5 23. e3 Qg5 24. Qe2 h5 25. Qf3 h4 26. Bf4 Qg6 27. Kh1 h3 28. Bg3 f4 29.
exf4 Kh7 30. Ne4 Ne5 31. Qe3 Bg4 32. Ng5+ Kg8 33. Qxe5 Bxd1 34. Qd5+ Kh8 35. Qxd1 Qc6+ 36. f3 Re8 37. Kh2 Qc4 38. Kxh3 Re2 39. Qd8+ Kg7 40. Qd7+ Kg8 41. Kg4 1-0

[Event "*** Titled Tuesday Blitz"]
[Site "Chess.com"]
[Date "2020.04.28"]
[Round "3"]
[White "AnonymusDonkey"]
[Black "ChessTraining77"]
[Result "0-1"]
[WhiteElo "2345"]
[BlackElo "2550"]
[TimeControl "180+1"]
[EndTime "10:29:10 PDT"]
[Termination "ChessTraining77 won by resignation"]

1. e4 e5 2. Nf3 Nc6 3. Bc4 Bc5 4. c3 Nf6 5. d3 a6 6. a4 d6 7. Bg5 h6 8. Bh4 g5 9. Bg3 Bg4 10. Nbd2 Nh5 11. b4 Ba7 12. O-O Qf6 13. Kh1 Nf4 14.
Re1 O-O 15. h3 Bh5 16. b5 axb5 17. axb5 Ne7 18. d4 exd4 19. e5 dxe5 20. Ne4 Qg7 21.
Bxf4 gxf4 22. Qb3 Kh8 23. cxd4 Bxf3 24. gxf3 Bxd4 25. Rxa8 Rxa8 26. Bxf7 Rf8 27. Bc4 Nf5 28.
Rg1 Qe7 29. Be6 Nh4 30. Bg4 Rg8 31. Qd5 h5 32. Qxg8+ Kxg8 33. Be6+ Kh7 34. Ng5+ Kg6 35. Nf7+ Kf6 36. Bc4 Bxf2 37. Rg8 Qc5 38. Ng5 Qxc4 39. Ne4+ Kf7 0-1